 Seeded DCSS version 0.30.1-9-gdf580d7c3d (webtiles) character file.

Game seed: 920673320228942481 (custom seed)

10 Psyclone the Conjurer (level 2, 14/17 HPs)
             Began as an Octopode Conjurer on Oct 10, 2023.
             Quit the game on level 3 of the Dungeon.
             The game lasted 00:00:36 (502 turns).

Psyclone the Conjurer (Octopode Conjurer)            Turns: 502, Time: 00:00:36

Health: 14/17      AC:  1    Str:  6    XL:     2   Next: 20%
Magic:  5/5        EV: 13    Int: 20    God:
Gold:   3982       SH:  0    Dex: 10    Spells: 4/5 levels left

rFire   . . .        (no weapon)
rCold   . . .        (no shield)
rNeg    . . .        (helmet restricted)
rPois   .            (no amulet)
rElec   .            c - ring of wizardry
rCorr   .            (no ring)
SInv    .            (no ring)
Will    .....        (no ring)
Stlth   +++          (no ring)
HPRegen 0.22/turn    (no ring)
MPRegen 0.09/turn    (no ring)
                     (no ring)

%: wizardry (x1)
@: no status effects
A: almost no armour, amphibious, 8 rings, camouflage 1, gelatinous body 1,
(nimble swimmer 1), tentacles
a: no special abilities


You were on level 3 of the Dungeon.
You visited 1 branch of the dungeon, and saw 3 of its levels.

You collected 3982 gold pieces.

Inventory:

Jewellery
 c - a ring of wizardry (left tentacle)
Potions
 a - a potion of magic
 b - a potion of mutation {unknown}
 d - a potion of lignification {unknown}


   Skills:
 - Level 2.0 Dodging
 - Level 2.6 Stealth
 - Level 2.0 Spellcasting
 + Level 4.5 Conjurations


You had 4 spell levels left.
You knew the following spells:

 Your Spells              Type           Power      Damage    Failure   Level
a - Magic Dart            Conj           80%        1d7       1%          1

Your spell library contained the following spells:

 Spells                   Type           Power      Damage    Failure   Level
 Searing Ray              Conj           40%        2d5       1%          2
 Dazzling Flash           Conj/Hex       22%        N/A       8%          3
 Fulminant Prism          Conj/Hex       5%         3d7       24%         4
 Iskenderun's Mystic Bla  Conj/Tloc      11%        2d4       24%         4


Dungeon Overview and Level Annotations

Branches:
Dungeon (3/15) Zot: 17499

Altars:


Innate Abilities, Weirdness & Mutations

You cannot wear most types of armour.
You are amphibious.
You can wear up to eight rings at the same time.
Your skin changes colour to match your surroundings (Stealth+).
Your rubbery body absorbs attacks. (AC +1, EV +1)
((You are camouflaged when in or above water. (Stealth+)))
You have tentacles for arms and can constrict up to eight enemies at once.


Message History

You start resting.
Found 10 gold pieces.
You regained 2 mp, and now have 4/5 mp.
Casting: Magic Dart (safe; 1% risk of failure)
Confirm with . or Enter, or press ? or * to list all spells.
You can't see any susceptible monsters within range! (Use Z to cast anyway.) Unknown command.
You start resting.
A ball python comes into view.
You now have 3982 gold pieces (gained 10).
MP restored: 5 The ball python hisses angrily.
The ball python misses you. The ball python grabs you.
The ball python constricts you.
The ball python's grasp on you weakens, but your attempt to escape fails.
The ball python barely misses you. The ball python constricts you.
The ball python barely misses you. The ball python constricts you.
You escape the ball python's grasp.
The ball python misses you. The ball python closely misses you.
The ball python misses you. The ball python grabs you.
The ball python constricts you.
The ball python's grasp on you weakens, but your attempt to escape fails.
The ball python closely misses you. The ball python constricts you.
You escape the ball python's grasp.
Found a scroll labelled ZYEMITRUNA.
The ball python attacks as you move away!
The ball python closely misses you. x2;
Found 9 gold pieces.
The ball python attacks as you move away!
The ball python closely misses you.
The ball python attacks as you move away!
The ball python misses you. x2
The ball python bites you but does no damage.
The ball python grabs you. The ball python constricts you.
You escape the ball python's grasp.
You take 3 damage, and have 14/17 hp.
Welcome back, Psyclone the Octopode Conjurer.
Game seed: 920673320228942481 (custom seed) Press ? for a list of commands and other information.
Unknown command.
Unknown command.
Are you sure you want to abandon this character and quit the game? (Confirm with "yes".)

## ...##########
####...........#
>.#...........#
#.#...........#
##.#...........#
#.....>........#
#..........@?$.# ####
#........S.....#
...###...<..........#
##..................#
#####....###########
#....# #......#
##.###.# #.# .#


You could see a ball python.

Vanquished Creatures
  2 dart slugs
  An endoplasm (D:3)
  3 ball pythons
  A rat (D:1)
7 creatures vanquished.

Notes
Turn   | Place    | Note
-------+----------+-------------------------------------------
     0 | D:1      | Psyclone the Octopode Conjurer began the quest for the Orb.
     0 | D:1      | Reached XP level 1. HP: 11/11 MP: 3/3
   285 | D:1      | Identified 3 scrolls of acquirement
   285 | D:1      | Acquired 1312 gold pieces
   293 | D:1      | Acquired 1281 gold pieces
   308 | D:1      | Acquired 1321 gold pieces
   336 | D:2      | Reached XP level 2. HP: 17/17 MP: 0/5
   502 | D:3      | Quit the game

Illustrated notes

Levels and vault maps discovered:
D:1:      dpeg_arrival_orchard, layout_basic
D:2:      layout_loops_corners, uniq_natasha, uniq_crazy_yiuf_cottage
D:3:      layout_basic, serial_shops, nicolae_shop_stone, shop

Action                     || total
---------------------------++-------
   Cast: Magic Dart        ||    14
    Use: Scroll            ||     3
 Armour: Skin              ||     1
  Dodge: Dodged            ||    12
